 Dungeon Crawl Stone Soup version 0.20.1-1-g8b1a95d (webtiles) character file.

365 dohliylev the Covert (level 6, 0/44 HPs)
             Began as a Vampire Assassin on Aug 13, 2017.
             Slain by a worker ant (2 damage)
             ... on level 4 of the Dungeon.
             The game lasted 00:11:57 (4011 turns).

dohliylev the Covert (Vampire Assassin)             Turns: 4011, Time: 00:11:58

Health: 0/44       AC:  4    Str: 10    XL:     6   Next: 40%
Magic:  0/6        EV: 12    Int: 13    God:
Gold:   202        SH:  0    Dex: 18    Spells: 0/5 levels left

rFire    . . .     SeeInvis +   a - +2 dagger (speed)
rCold    . . .     Gourm    .   (no shield)
rNeg     + . .     Faith    .   c - +0 robe
rPois    .         Spirit   .   (no helmet)
rElec    .         Reflect  .   d - +0 cloak
rCorr    .         Harm     .   (no gloves)
MR       .....                  k - +0 pair of boots
Stlth    +++++.....             (no amulet)
Regen    0.2/turn               (no ring)
MPRegen  0.1/turn               (no ring)

@: very slightly contaminated
A: fangs 3, see invisible, unbreathing
a: Bat Form


You were on level 4 of the Dungeon.
You were not thirsty.

You visited 1 branch of the dungeon, and saw 4 of its levels.

You collected 202 gold pieces.

Inventory:

Hand Weapons
 a - a +2 dagger of speed (weapon)
 b - a +0 blowgun
Missiles
 e - 6 poisoned needles
 f - 2 curare-tipped needles
Armour
 c - a +0 robe (worn)
 d - a +0 cloak (worn)
 k - a +0 pair of boots (worn)
Jewellery
 v - an uncursed ring of protection from fire {unknown}
Wands
 w - a wand of scattershot (5/9)
 y - a wand of random effects (17/48)
Scrolls
 i - 4 scrolls of teleportation {unknown}
 j - 3 scrolls of identify {unknown}
 m - a scroll of immolation {unknown}
 n - a scroll of recharging {unknown}
 p - 2 scrolls of remove curse {unknown}
 x - a scroll of random uselessness {unknown}
 B - a scroll of magic mapping {unknown}
Potions
 g - 5 potions of blood
 h - a potion of brilliance {unknown}
 l - a potion of heal wounds {unknown}
 o - a potion of magic {unknown}
 q - a potion of haste {unknown}
 s - a potion of agility {unknown}
 t - 2 potions of degeneration {unknown}
 u - a potion of lignification {unknown}
 z - a potion of curing {unknown}
 C - a potion of flight {unknown}
 D - a potion of might {unknown}
Books
 r - a book of Maledictions

   Spells                             Type                      Level
   a - Corona                         Hexes                        1
   b - Ensorcelled Hibernation        Hexes/Ice                    2
   c - Confuse                        Hexes                        3
   d - Tukima's Dance                 Hexes                        3
   e - Dazzling Spray                 Conjuration/Hexes            3
 A - a book of Misfortune

   Spells                             Type                      Level
   a - Confusing Touch                Hexes                        1
   b - Confuse                        Hexes                        3
   c - Gell's Gravitas                Translocation                3
   d - Petrify                        Transmutation/Earth          4
   e - Metabolic Englaciation         Hexes/Ice                    5
   f - Yara's Violent Unravelling     Hexes/Transmutation          5


   Skills:
 - Level 2.0 Fighting
 + Level 3.4 Short Blades
 + Level 2.2 Throwing
 + Level 1.8 Dodging
 + Level 9.7 Stealth
 + Level 0.3 Spellcasting
 + Level 1.7 Hexes
 + Level 1.1 Ice Magic


You couldn't memorise any spells.
You knew the following spells:

 Your Spells              Type           Power        Failure   Level  Hunger
a - Ensorcelled Hibernat  Hex/Ice        #.....       26%         2    ###....
b - Confuse               Hex            #.......     41%         3    ####...


Dungeon Overview and Level Annotations

Branches:
Dungeon (4/15)
 Temple: D:4-7

Altars:
Qazlal

Annotations:
D:4 Fingolfin's ghost, amateur FoFi


Innate Abilities, Weirdness & Mutations

You have razor-sharp teeth.
You have supernaturally acute eyesight. (SInv)
You can survive without breathing.


Message History

Confirm with . or Enter, or press ? or * to list all spells.
Aiming: Confuse
Press: ? - help, Shift-Dir - straight line, f - Fingolfin's ghost
Aim: Fingolfin's ghost (chance to defeat MR: 21%)
You miscast Confuse.
You are very lightly contaminated with residual magic.
You feel a bit tired.
The worker ant bites you but does no damage.
Fingolfin's ghost hits you! The hound bites you.
Casting: Confuse
Confirm with . or Enter, or press ? or * to list all spells.
Aiming: Confuse
Press: ? - help, Shift-Dir - straight line, f/p - Fingolfin's ghost
Aim: Fingolfin's ghost (chance to defeat MR: 21%) Fingolfin's ghost resists with almost no effort.
The hound barely misses you. The worker ant barely misses you.
Fingolfin's ghost hits you!
* * * LOW HITPOINT WARNING * * *
The hound closely misses you. The worker ant bites you.
You die...

#.#.......###
#.#####.#..##.#....
#.#...........#.##.
##.#.###.#..#..#.##<
........#..........
##.##.#.##.............
......#.##.##.#####.#)#
#Wa......# #....
#@######## ##... #h#
#... .......o)# #...
....o..#.# ######...
.......
...#####........
.....#l
.#.....s..>.....
.......
<..#.###........ ....
.. .# # ####.#...
....... .# #.#...


You could see an iguana, a hound, a worker ant, Fingolfin's ghost and an orc.

Vanquished Creatures
  A scorpion (D:4)
  2 orc wizards (D:4)
  A hound (D:4)
  An orc priest (D:4)
  Terence (D:3)
  A worker ant (D:4)
  A hound skeleton (D:4)
  A howler monkey skeleton (D:3)
  3 adders
  An ooze (D:1)
  A worm (D:2)
  2 dart slugs
  3 leopard geckos
  15 orcs (D:4)
  5 bats
  5 giant cockroaches
  6 goblins
  9 hobgoblins
  3 quokkas (D:2)
  2 ball pythons
  4 frilled lizards
  5 kobolds
  6 rats
79 creatures vanquished.

Notes
Turn   | Place    | Note
-------+----------+-------------------------------------------
     0 | D:1      | dohliylev the Vampire Assassin began the quest for the Orb.
     0 | D:1      | Reached XP level 1. HP: 16/16 MP: 1/1
    22 | D:1      | Reached skill level 6 in Stealth
   125 | D:1      | Reached XP level 2. HP: 22/22 MP: 2/2
   952 | D:2      | Reached skill level 7 in Stealth
   962 | D:2      | Reached XP level 3. HP: 27/27 MP: 3/3
  1327 | D:2      | Learned a level 2 spell: Ensorcelled Hibernation
  1364 | D:2      | Found a stormy altar of Qazlal.
  1366 | D:2      | Noticed an air elemental
  1367 | D:2      | Noticed a water elemental
  1367 | D:2      | Noticed a fire elemental
  1367 | D:2      | Noticed an earth elemental
  1482 | D:2      | Reached XP level 4. HP: 33/33 MP: 4/4
  1802 | D:3      | Noticed Terence
  3039 | D:3      | Killed Terence
  3039 | D:3      | Reached skill level 8 in Stealth
  3339 | D:4      | Reached XP level 5. HP: 26/38 MP: 5/5
  3594 | D:4      | Reached skill level 9 in Stealth
  3798 | D:4      | Reached skill level 1 in Hexes
  3798 | D:4      | Reached XP level 6. HP: 36/44 MP: 2/6
  3844 | D:4      | Noticed Fingolfin's ghost (amateur FoFi)
  3854 | D:4      | Learned a level 3 spell: Confuse
  3998 | D:4      | Reached skill level 1 in Ice Magic
  4011 | D:4      | HP: 2/44 [Fingolfin's ghost (15)]
  4011 | D:4      | Slain by a worker ant

Skill      XL: |  1  2  3  4  5  6 |
---------------+-------------------+-----
Stealth        | 6 7 8 9 |  9.7
Fighting       | 2 |  2.0
Throwing       | 2 |  2.2
Short Blades   | 3 |  3.4
Hexes          | 1 |  1.7
Ice Magic      | 1 |  1.1
Dodging        | |  1.8
Spellcasting   | |  0.3

Action                   |  1- 3 |  4- 6 || total
-------------------------+-------+-------++-------
Melee: Dagger            |   107 |   141 ||   248
       Bite              |     6 |    16 ||    22
 Fire: Blowgun           |     8 |       ||     8
 Cast: Ensorcelled Hiber |       |     4 ||     4
       Confuse           |       |     1 ||     1
 Abil: End Transformatio |       |     2 ||     2
       Bat Form          |       |     2 ||     2
  Use: Potion            |       |     4 ||     4
 Stab: Sleeping          |    20 |    14 ||    34
       Distracted        |       |     1 ||     1
  Eat: Corpse            |     2 |     7 ||     9
Armor: Robe              |    18 |    12 ||    30
Dodge: Dodged            |    50 |    63 ||   113
